 Dungeon Crawl Stone Soup version 0.29-a0-700-g2f1814c7b2 (webtiles) character file.

Game seed: 13892958247355978958

3027 blackman the Cleaver (level 10, 0/76 HPs)
             Began as a Human Delver on June 25, 2022.
             Was a Priest of Makhleb.
             Slain by a seven-headed hydra (1 damage)
             ... on level 7 of the Dungeon on June 26, 2022.
             The game lasted 00:26:10 (6888 turns).

blackman the Cleaver (Human Delver)                 Turns: 6888, Time: 00:26:10

Health: 0/76       AC: 18    Str: 16    XL:     10   Next: 10%
Magic:  10/10      EV:  5    Int: 11    God:    Makhleb [***...]
Gold:   327        SH:  5    Dex: 15    Spells: 9/9 levels left

rFire   . . .      SeeInvis .   E - +1 hand axe (elec)
rCold   . . .      Faith    .   r - +2 buckler
rNeg    . . .      Spirit   .   w - +0 plate armour
rPois   .          Reflect  .   A - +0 helmet
rElec   .          Harm     .   i - +2 cloak
rCorr   .          Rampage  .   (no gloves)
Will    .....                   l - +0 pair of boots
Stlth   ..........              q - amulet of regeneration
HPRegen 1.02/turn               (no ring)
MPRegen 0.12/turn               (no ring)

@: no status effects
A: no striking features
a: Renounce Religion, Minor Destruction, Lesser Servant of Makhleb


You were on level 7 of the Dungeon.
You worshipped Makhleb.
Makhleb was most pleased with you.
You visited 2 branches of the dungeon, and saw 8 of its levels.

You collected 327 gold pieces.

Inventory:

Hand Weapons
 a - a +1 hand axe
 o - a +4 dagger
 E - a +1 hand axe of electrocution (weapon)
 F - a +0 war axe
Armour
 b - a +0 leather armour
 i - a +2 cloak (worn)
 l - a +0 pair of boots (worn)
 r - a +2 buckler (worn)
 w - a +0 plate armour (worn)
 A - a +0 helmet (worn)
Jewellery
 q - an amulet of regeneration (around neck)
 D - a ring of positive energy
Wands
 g - a wand of digging (8)
 z - a wand of iceblast (5)
Scrolls
 c - 2 scrolls of fog
 e - a scroll of fear
 h - 3 scrolls of enchant weapon
 k - a scroll of amnesia
 m - 6 scrolls of teleportation
 n - 2 scrolls of noise {unknown}
 s - a scroll of blinking
 t - a scroll of brand weapon
 y - 2 scrolls of magic mapping
 G - 2 scrolls of enchant armour
Potions
 d - 3 potions of curing
 f - 2 potions of haste
 j - a potion of berserk rage {unknown}
 p - 2 potions of brilliance {unknown}
 v - a potion of might
 x - 2 potions of attraction {unknown}
 B - a potion of flight {unknown}
 C - a potion of lignification {unknown}
 H - a potion of resistance {unknown}
 I - a potion of heal wounds {unknown}
 K - a potion of degeneration {unknown}


   Skills:
 * Level 6.2 Fighting
 - Level 11.0 Axes
 * Level 5.1 Armour
 - Level 2.4 Dodging
 - Level 5.2 Stealth


You had 9 spell levels left.
You didn't know any spells.
Your spell library contained the following spells:

 Spells                   Type           Power      Damage    Failure   Level
 Magic Dart               Conj           0%         1d3       100%        1
 Sting                    Tmut/Pois      0%         1d3       100%        1
 Poisonous Vapours        Pois/Air       0%         N/A       100%        2
 Searing Ray              Conj           0%         2d4       100%        2
 Sublimation of Blood     Necr           0%         N/A       100%        2
 Animate Dead             Necr           0%         N/A       100%        4
 Fulminant Prism          Conj/Hex       0%         3d6       100%        4
 Olgreb's Toxic Radiance  Pois           0%         N/A       100%        4
 Petrify                  Tmut/Erth      0%         N/A       100%        4
 Borgnjor's Vile Clutch   Necr/Erth      0%         N/A       100%        5
 Irradiate                Conj/Tmut      0%         3d13      100%        5
 Death Channel            Necr           0%         N/A       100%        6


Dungeon Overview and Level Annotations

Branches:
Dungeon (7/15)             Temple (1/1) D:7

Altars:
Cheibriados
Dithmenos
Elyvilon
Fedhas
Gozag
Hepliaklqana
Kikubaaqudgha
Makhleb
Nemelex Xobeh
Okawaru
Qazlal
Ru
Sif Muna
Trog
Uskayaw
Vehumet
Wu Jian
Xom
Yredelemnul
Zin
The Shining One

Shops:
D:1 [

Annotations:
D:5 1 runed translucent door, blackman's ghost, weakling HuDe
D:7 2 transporters, SirDiesAlot's ghost, novice OgBe


Message History

The six-headed hydra bites you but does no damage.
The scorpion stings you but does no damage.
You block the scorpion's attack. The six-headed hydra bites you!
The six-headed hydra bites you but does no damage.
The six-headed hydra bites you!
* * * LOW HITPOINT WARNING * * *
The six-headed hydra bites you but does no damage.
The six-headed hydra bites you.
* * * LOW HITPOINT WARNING * * *
The six-headed hydra barely misses you. The scorpion closely misses you.
You barely miss the scorpion.
You slice one of the six-headed hydra's heads off!
The five-headed hydra grows two more!
You slash the seven-headed hydra! The seven-headed hydra bites you!
* * * LOW HITPOINT WARNING * * *
The seven-headed hydra bites you but does no damage.
You block the seven-headed hydra's attack. x2
The seven-headed hydra bites you but does no damage.
The seven-headed hydra bites you!
* * * LOW HITPOINT WARNING * * *
The seven-headed hydra bites you but does no damage.
The scorpion stings you but does no damage.
You hit the scorpion.
The scorpion is lightly wounded.
You barely miss the seven-headed hydra.
The seven-headed hydra barely misses you.
The seven-headed hydra bites you but does no damage. x2
The seven-headed hydra barely misses you.
You block the seven-headed hydra's attack. x2
The seven-headed hydra bites you but does no damage.
You hit the scorpion.
The scorpion is moderately wounded.
You hit the seven-headed hydra but do no damage.
Lightning courses through the seven-headed hydra!
The scorpion stings you.
* * * LOW HITPOINT WARNING * * *
The seven-headed hydra bites you but does no damage.
You block the seven-headed hydra's attack. x2
The seven-headed hydra bites you.
You die...

##...##...#..c##...# ##
##....)##.....##..#.# #.
#.......###.###.....# ###.
##...##.............# #...
##.####.##.........# #.##
#.# #.##|.##.###.# #.## #.#
#.s†)........# #.##
##'#######÷###.###.# #.##
##...#...@s.##..###.# #.##
##......>D.####'###..# #.#
#.........###.....#### #.##
#.........####.....######...
+.........'..#.....#........
#.........####.....#######.#
##......######.♣.♣.#######)#
##.....#......♣.♣......##)#
##....#....♣♣♣.♣♣♣....##)#


You could see a seven-headed hydra and a scorpion.

Vanquished Creatures
  A kobold demonologist (D:7)
  A hornet (D:7)
  A shadow (D:5)
  The ghost of lunkers the Insei, an amateur MeTm (D:4)
  A black bear (D:5)
  2 orc warriors
  An ice beast (D:6)
  2 sky beasts
  3 centaurs (D:7)
  3 phantoms
  A bullfrog (D:7)
  A wyvern zombie (D:5)
  4 scorpions
  A water moccasin zombie (D:5)
  A bullfrog zombie (D:5)
  A centaur zombie (D:5)
  5 hounds
  3 orc priests
  2 jellies (D:6)
  A bullfrog skeleton (D:5)
  A scorpion zombie (D:5)
  5 iguanas
  6 orc wizards
  4 adders
  3 ufetubi
  3 dart slugs
  22 orcs
  3 ball pythons
  8 endoplasms
  5 giant cockroaches
  4 goblins
  7 hobgoblins
  5 jackals
  5 kobolds
  3 quokkas
  3 bats
  3 frilled lizards
  8 rats
134 creatures vanquished.

Vanquished Creatures (others)
  A phantom (D:5)
  A dart slug (D:5)
  2 withered plants (D:5)
4 creatures vanquished.

Grand Total: 138 creatures vanquished

Notes
Turn   | Place    | Note
-------+----------+-------------------------------------------
     0 | D:5      | blackman the Human Delver began the quest for the Orb.
     0 | D:5      | Reached XP level 1. HP: 18/18 MP: 1/1
     5 | D:5      | Found a burning altar of Makhleb.
    19 | D:5      | Became a worshipper of Makhleb the Destroyer
    46 | D:5      | Found an iron altar of Okawaru.
   165 | D:4      | Noticed an iguana
   227 | D:4      | Noticed a quasit
   228 | D:4      | Noticed a quasit
   260 | D:3      | Reached XP level 2. HP: 24/24 MP: 2/2
   553 | D:1      | Reached XP level 3. HP: 28/29 MP: 3/3
   588 | D:1      | Found a faded altar of an unknown god.
   631 | D:1      | Found Zitig's Armour Shoppe.
   886 | D:1      | Reached * piety under Makhleb
   956 | D:1      | You fall into a shaft and drop 1 floor!
   985 | D:2      | Reached skill level 3 in Axes
   985 | D:2      | Reached XP level 4. HP: 10/35 MP: 4/4
  2932 | D:4      | Reached skill level 4 in Axes
  2932 | D:4      | Reached XP level 5. HP: 41/41 MP: 5/5
  3073 | D:4      | Reached skill level 5 in Axes
  3116 | D:4      | Reached XP level 6. HP: 37/47 MP: 6/6
  3455 | D:4      | Found a runed translucent door.
  3457 | D:4      | Noticed lunkers's ghost (amateur MeTm)
  3571 | D:4      | Killed lunkers's ghost
  3572 | D:4      | Reached skill level 6 in Axes
  3572 | D:4      | Reached XP level 7. HP: 27/52 MP: 7/7
  3989 | D:4      | Reached ** piety under Makhleb
  4083 | D:5      | Reached skill level 7 in Axes
  4282 | D:5      | Reached skill level 8 in Axes
  4319 | D:5      | Reached XP level 8. HP: 46/58 MP: 8/8
  4396 | D:5      | Reached skill level 9 in Axes
  4767 | D:5      | Found a runed translucent door.
  4768 | D:5      | Noticed blackman's ghost (weakling HuDe)
  4833 | D:5      | Noticed a shadow
  4852 | D:5      | Killed a shadow
  5101 | D:6      | Reached skill level 10 in Axes
  5107 | D:6      | Reached XP level 9. HP: 64/64 MP: 9/9
  5269 | D:6      | Reached skill level 11 in Axes
  5349 | D:6      | Reached skill level 1 in Armour
  5888 | D:7      | Noticed a deep elf pyromancer
  5892 | D:7      | Noticed SirDiesAlot's ghost (novice OgBe)
  5895 | D:7      | Found a transporter.
  5904 | D:7      | Found a transporter.
  6342 | D:7      | Reached skill level 5 in Fighting
  6377 | D:7      | Found a staircase to the Ecumenical Temple.
  6418 | D:7      | Noticed a hornet
  6434 | D:7      | Killed a hornet
  6438 | D:7      | Noticed a kobold demonologist
  6444 | D:7      | Noticed a smoke demon
  6451 | D:7      | Killed a kobold demonologist
  6451 | D:7      | Reached *** piety under Makhleb
  6452 | D:7      | Reached XP level 10. HP: 52/76 MP: 10/10
  6455 | D:7      | Reached skill level 5 in Armour
  6465 | D:7      | Noticed a six-headed hydra
  6483 | Temple   | Entered the Ecumenical Temple
  6886 | D:7      | HP: 1/76 [seven-headed hydra (7)]
  6888 | D:7      | Slain by a seven-headed hydra

Illustrated notes

Levels and vault maps discovered:
D:1:      dpeg_arrival_radiant, layout_rooms, shapermc_ecumenical_altar_venn,
          serial_shops, shop
D:2:      layout_basic
D:3:      layout_loops_cross
D:4:      cheibrodos_quashed, layout_gridville, gammafunk_ghost_grave
D:5:      layout_loops_cross, mainiacjoe_overflow_paths,
          mainiacjoe_overflow_cross_hatched, serial_undead, serial_undead_e,
          serial_undead_e, serial_undead_b, serial_undead_c,
          gammafunk_ghost_grave, lemuel_flamethrower_2
D:6:      layout_loops_ring
D:7:      minmay_the_grid_octo_triangle [minmay_the_grid_octo_clover,
          minmay_the_grid_octo_prize_star, minmay_the_grid_octo_chip],
          layout_loops_corners, minmay_temple_entry_offerings,
          gammafunk_ghost_arena, kennysheep_minor_cross
Temple:   compressed_dpeg_triangle_lava_temple

Skill      XL: |  1  2  3  4  5  6  7  8  9 10 |
---------------+-------------------------------+-----
Axes           | 3 4 5 6 8 10 11 | 11.0
Armour         | 4 5 |  5.1
Fighting       | 6 |  6.2
Dodging        | |  2.4
Stealth        | |  5.2

Action                   |  1- 3 |  4- 6 |  7- 9 | 10-12 || total
-------------------------+-------+-------+-------+-------++-------
Melee: Hand axe          |   105 |   180 |   426 |     6 ||   717
       Punch             |     1 |       |       |       ||     1
Invok: Minor Destruction |       |       |     2 |       ||     2
Evoke: Wand              |     1 |       |     3 |     9 ||    13
  Use: Scroll            |     1 |     1 |     6 |     3 ||    11
       Potion            |       |     1 |     1 |       ||     2
 Stab: Sleeping          |     2 |     6 |       |       ||     8
       Distracted        |       |     1 |       |       ||     1
Armor: Leather armour    |    40 |    12 |       |       ||    52
       Plate armour      |       |    85 |   324 |    30 ||   439
       Scale mail        |       |     1 |       |       ||     1
Dodge: Dodged            |    80 |    26 |    66 |    11 ||   183
Block: Buckler           |       |    32 |   103 |    15 ||   150

Table legend: (Time is in decaauts)
 A = Elapsed time spent in this place.
 B = Non-inter-level travel time spent in this place.
 C = Inter-level travel time spent in this place.
 D = Time resting spent in this place.
 E = Time spent auto-exploring this place.
 F = Levels seen in this place.
 G = Mean time per level.
                   A        B        C        D        E       F      G
               +--------+--------+--------+--------+--------+-----+--------+
         Total |   6865 |   6586 |    279 |   1207 |   3923 |   8 |  858.1 |
       Dungeon |   6472 |   6211 |    261 |   1045 |   3726 |   7 |  924.6 |
        Temple |    392 |    374 |     18 |    162 |    197 |   1 |  392.0 |
               +--------+--------+--------+--------+--------+-----+--------+

Top non-repeatable levels by time:
     D:4: 1362 daAuts
     D:5: 1113 daAuts
     D:2: 1113 daAuts
     D:3: 759 daAuts
     D:6: 757 daAuts
     D:1: 745 daAuts
     D:7: 621 daAuts
  Temple: 392 daAuts
